 Dungeon Crawl Stone Soup version 0.29.0-13-gc9e81de378 (webtiles) character file.

Game seed: 2669108327136075715

181 Ofeo the Firebug (level 6, 0/45 HPs)
             Began as a Meteoran Fire Elementalist on Sept 9, 2022.
             Succumbed to a scorpion's poison
             ... on level 5 of the Dungeon.
             The game lasted 00:03:28 (508 turns).

Ofeo the Firebug (Meteoran Fire Elementalist)        Turns: 508, Time: 00:03:29

Health: 0/45       AC:  4    Str: 10    XL:     6   Next: 15%
Magic:  2/12       EV: 13    Int: 19    God:
Gold:   27         SH:  0    Dex: 14    Spells: 9/12 levels left

rFire   . . .      SeeInvis .   (no weapon)
rCold   . . .      Faith    .   (no shield)
rNeg    . . .      Spirit   .   a - +0 robe
rPois   .          Reflect  .   (no helmet)
rElec   .          Harm     .   (no cloak)
rCorr   .          Rampage  .   e - +0 pair of gloves
Will    .....                   c - +0 pair of boots
Stlth   +.........              (no amulet)
HPRegen 0.15/turn               (no ring)
MPRegen 0.13/turn               (no ring)

@: brilliant, lethally poisoned (0 -> -6), glowing
A: sense surroundings 1, otherworldly, glowing, explore regen
a: no special abilities


You were on level 5 of the Dungeon.
You visited 1 branch of the dungeon, and saw 5 of its levels.

You collected 27 gold pieces.

Inventory:

Armour
 a - a +0 robe (worn)
 c - a +0 pair of boots (worn)
 e - a +0 pair of gloves (worn)
Wands
 d - a wand of roots (13)
Scrolls
 f - a scroll of immolation
Potions
 b - a potion of magic


   Skills:
 + Level 3.6 Dodging
 + Level 2.3 Stealth
 + Level 3.9 Spellcasting
 + Level 2.9 Conjurations
 + Level 4.6 Fire Magic


You had 9 spell levels left.
You knew the following spells:

 Your Spells              Type           Power      Damage    Failure   Level
a - Foxfire               Conj/Fire      100%       2x1d9     3%          1
b - Scorch                Fire           62%        2d8       3%          2

Your spell library contained the following spells:

 Spells                   Type           Power      Damage    Failure   Level
 Conjure Flame            Conj/Fire      27%        6-21      9%          3
 Inner Flame              Hex/Fire       18%        N/A       16%         3
 Flame Wave               Conj/Fire      27%        2d9       28%         4


Dungeon Overview and Level Annotations

Branches:
Dungeon (5/15) Zot: 2492
 Temple: D:4-7

Altars:


Innate Abilities, Weirdness & Mutations

You passively map a small area around you.
You are easily found by Zot.
You glow in the dark.
You regain HP and MP as you explore.


Message History

Confirm with . or Enter, or press ? or * to list all spells.
Flames lash the scorpion.
The scorpion is burned terribly!
You kill the scorpion!
You feel very sick.
You hear a shout! x2
You have reached level 5!
You take 2 damage, and have 14/38 hp.
You now have 2/11 mp.
It was a potion of brilliance.
You feel clever all of a sudden.
* * * LOW HITPOINT WARNING * * *
You feel very sick. The scorpion closely misses you. x2
You take 3 damage, and have 11/38 hp.
Okay, then.
Casting: Scorch (safe; 3% risk of failure)
Confirm with . or Enter, or press ? or * to list all spells.
You feel a surge of power!
Flames lash the scorpion.
The scorpion is burned terribly!
The scorpion is severely wounded.
* * * LOW HITPOINT WARNING * * *
You feel very sick. The scorpion stings you.
* * * LOW HITPOINT WARNING * * *
You take 6 damage, and have 5/38 hp.
You now have 1/11 mp.
Casting: Scorch (safe; 3% risk of failure)
Confirm with . or Enter, or press ? or * to list all spells.
You feel a surge of power!
Flames lash the scorpion.
The scorpion is burned terribly!
You kill the scorpion!
* * * LOW HITPOINT WARNING * * *
You feel sick.
You have reached level 6!
You feel stronger.
You take 2 damage, and have 3/45 hp.
* * * LOW HITPOINT WARNING * * *
You feel sick.
A gnoll comes into view. It is wielding a +0 spear.
You take 2 damage, and have 1/45 hp.
A gnoll comes into view. It is wielding a +0 spear.
You die...

*.#, #.#..†.#.#
.#.####.####.#.#
.#...........#.##
###.#############..#
........, .........# *
##..#*.# ##.##....# ,,,*
##.###.# #s.....###.#*
...#...# #.###...g.g#* *
##.....# #....@.#### *
#....#.#####..#......# *
,
#....#............#.#..#
#.....# ##.....<..## #
###...# #.......## ### ,
, * #...#
##.#.##..###.### #...#
#.#..#...#....#
#...######.#..#..#..[###
,
#).......#.......#...#*
**


You could see 2 gnolls.

Vanquished Creatures
  2 scorpions (D:5)
  5 adders
  A dart slug (D:2)
  2 ball pythons
  2 goblins (D:4)
  2 hobgoblins (D:2)
  3 jackals (D:2)
  2 quokkas (D:2)
  A bat (D:2)
  2 rats (D:1)
22 creatures vanquished.

Vanquished Creatures (others)
  37 foxfires
  A fungus (D:3)
38 creatures vanquished.

Grand Total: 60 creatures vanquished

Notes
Turn   | Place    | Note
-------+----------+-------------------------------------------
     0 | D:1      | Ofeo the Meteoran Fire Elementalist began the quest for the
                  | Orb.
     0 | D:1      | Reached XP level 1. HP: 14/14 MP: 5/5
    79 | D:2      | Reached XP level 2. HP: 13/20 MP: 2/6
   101 | D:2      | Learned a level 2 spell: Scorch
   153 | D:2      | Reached XP level 3. HP: 26/26 MP: 4/8
   256 | D:4      | Reached skill level 4 in Fire Magic
   261 | D:4      | You fall into a shaft and drop 1 floor!
   261 | D:5      | Entered Level 5 of the Dungeon
   283 | D:5      | Noticed a scorpion
   294 | D:5      | Reached XP level 4. HP: 27/33 MP: 3/9
   497 | D:5      | Noticed a scorpion
   503 | D:5      | Killed a scorpion
   504 | D:5      | Reached XP level 5. HP: 14/38 MP: 2/11
   507 | D:5      | Reached XP level 6. HP: 3/45 MP: 1/12
   507 | D:5      | HP: 1/45 [poisoned by a scorpion]
   508 | D:5      | Succumbed to a scorpion's poison

Illustrated notes

Levels and vault maps discovered:
D:1:      erik_arrival_triangle_medium, layout_basic, serial_shops, shop
D:2:      layout_loops_ring
D:3:      layout_basic, lemuel_coloured_pillars_altar,
          kennysheep_okawaru_gauntlet, led_sif_pool,
          shapermc_ecumenical_altar_gd, minmay_crystal_room,
          minmay_misc_feat_plants, grunt_ministairs_2, minmay_gold_behind_fungi
D:4:      layout_cave_pools, serial_co_window_serial, co_window_paths_b,
          co_window_corner_a, co_window_of_opportunity_a, co_window_paths_a,
          co_window_corner_a, co_window_paths_a, co_window_of_opportunity_a,
          co_window_broadway_a, co_window_unsneaky_path_c, co_window_corner_cb,
          co_window_2corner, co_window_corner_b, co_window_cross_2,
          co_window_of_opportunity_b, glass_columns_a, glass_columns_a,
          gup_sewer_entry_pipe, mrwooster_statue_mirror, uniq_grinder,
          uniq_robin, uniq_pikel
D:5:      layout_loops_cross, lemuel_crystal_altar, roderic_lattice_a,
          minmay_misc_feat_doors, goddamned_bats

Skill      XL: |  1  2  3  4 |
---------------+-------------+-----
Spellcasting   | 3 |  3.9
Fire Magic     | 4 |  4.6
Conjurations   | 2 |  2.9
Dodging        | 3 |  3.6
Stealth        | 2 |  2.3

Action                   |  1- 3 |  4- 6 || total
-------------------------+-------+-------++-------
Melee: Unarmed           |    12 |     3 ||    15
 Cast: Foxfire           |    20 |     2 ||    22
       Scorch            |     5 |     9 ||    14
  Use: Scroll            |       |     2 ||     2
       Potion            |       |     1 ||     1
Armor: Robe              |     5 |       ||     5
Dodge: Dodged            |    18 |     6 ||    24
